 Dungeon Crawl Stone Soup version 0.30-a0-793-g160f7cfddd (webtiles) character file.

Game seed: 5800547933094999917

2685 pokeman the Thaumaturge (level 9, -1/50 HPs)
             Began as a Deep Elf Hedge Wizard on Feb 20, 2023.
             Was a Follower of Vehumet.
             Slain by an efreet
             ... wielding a +2 scimitar of flaming
              (6 damage)
             ... on level 8 of the Dungeon.
             The game lasted 00:16:58 (6721 turns).

pokeman the Thaumaturge (Deep Elf Hedge Wizard)     Turns: 6721, Time: 00:16:59

Health: -1/50      AC:  7    Str:  7    XL:     9   Next: 38%
Magic:  16/26      EV: 12    Int: 24    God:    Vehumet [*.....]
Gold:   260        SH:  0    Dex: 17    Spells: 18/30 levels left

rFire   . . .      SeeInvis .    w - +5 hand crossbow "Veata" {penet, Will+ MP-9 Dex+3}
rCold   . . .      Faith    .    (no shield)
rNeg    + . .      Spirit   .    u - +3 leather armour
rPois   .          Reflect  .    v - +0 helmet
rElec   .          Harm     .    (no cloak)
rCorr   .          Rampage  .    (no gloves)
Will    +....                    (no boots)
Stlth   ++                       l - amulet of regeneration
HPRegen 1.08/turn                i - ring of magical power
MPRegen 0.20/turn                m - ring of positive energy

@: no status effects
A: no striking features
a: Renounce Religion


You were on level 8 of the Dungeon.
You worshipped Vehumet.
Vehumet was aware of your devotion.
You visited 1 branch of the dungeon, and saw 8 of its levels.

You collected 361 gold pieces.
You spent 101 gold pieces at shops.

Inventory:

Hand Weapons
 w - the +5 hand crossbow "Veata" (weapon) {penet, Will+ MP-9 Dex+3}
   (You found it on level 3 of the Dungeon)

   Dex:       It affects your dexterity (+3).
   MP:        It affects your magic capacity (-9).
   Will:      It increases your willpower.
 G - a +2 spear of venom
Armour
 u - a +3 leather armour (worn)
 v - a +0 helmet (worn)
Magical Staves
 e - a staff of fire
 z - a staff of earth
Jewellery
 i - a ring of magical power (left hand)
 l - an amulet of regeneration (around neck)
 m - a ring of positive energy (right hand)
 y - an amulet of guardian spirit
 B - a ring of positive energy
Wands
 o - a wand of light (8)
 t - a wand of iceblast (5)
 A - a wand of flame (26)
Scrolls
 b - 2 scrolls of poison {unknown}
 h - 8 scrolls of identify {unknown}
 j - a scroll of amnesia {unknown}
 k - 3 scrolls of enchant weapon {unknown}
 q - 5 scrolls of enchant armour {unknown}
 s - 2 scrolls of teleportation {unknown}
 x - 2 scrolls of summoning {unknown}
 C - a scroll of vulnerability {unknown}
 D - a scroll of magic mapping {unknown}
 E - 2 scrolls of noise {unknown}
 F - 2 scrolls of immolation {unknown}
Potions
 a - 3 potions of curing
 c - a potion of might {unknown}
 d - 2 potions of magic
 f - a potion of invisibility {unknown}
 g - 2 potions of attraction {unknown}
 n - a potion of brilliance {unknown}
 p - 3 potions of lignification {unknown}
 r - 2 potions of heal wounds


   Skills:
 - Level 3.1 Fighting
 + Level 2.6 Armour
 - Level 3.0 Dodging
 - Level 3.0 Stealth
 * Level 11.3 Spellcasting
 + Level 6.1 Conjurations
 - Level 1.1 Summonings
 - Level 1.1 Translocations
 + Level 5.1 Fire Magic
 - Level 1.1 Air Magic
 - Level 2.1 Earth Magic
 - Level 1.0 Poison Magic
 - Level 1.3 Evocations


You had 18 spell levels left.
You knew the following spells:

 Your Spells              Type           Power      Damage    Failure   Level
a - Magic Dart            Conj           100%       1d8       1%          1
b - Mephitic Cloud        Conj/Pois/Air  27%        N/A       6%          3
c - Call Imp              Summ           18%        N/A       6%          2
d - Blink                 Tloc           36%        N/A       6%          2
e - Foxfire               Conj/Fire      100%       2x1d9     1%          1
f - Stone Arrow           Conj/Erth      66%        3d11      3%          3

Your spell library contained the following spells:

 Spells                   Type           Power      Damage    Failure   Level
 Sandblast                Erth           46%        2d11      2%          1
 Summon Small Mammal      Summ           72%        N/A       4%          1
 Dazzling Flash           Conj/Hex       56%        N/A       5%          3
 Slow                     Hex            52%        N/A       7%          1
 Passwall                 Tmut/Erth      15%        N/A       7%          2
 Cigotuvi's Dreadful Rot  Necr/Pois/Air  34%        N/A       8%          2
 Ensorcelled Hibernation  Hex/Ice        26%        N/A       10%         2
 Sublimation of Blood     Necr           13%        N/A       10%         2
 Wereblood                Tmut           13%        N/A       10%         2
 Swiftness                Air            19%        N/A       12%         3
 Call Canine Familiar     Summ           18%        N/A       13%         3
 Summon Guardian Golem    Hex/Summ       16%        N/A       16%         3
 Silence                  Hex/Air        8%         N/A       82%         5
 Agony                    Necr           13%        N/A       88%         5
 Summon Hydra             Summ           9%         N/A       100%        7


Dungeon Overview and Level Annotations

Branches:
Dungeon (8/15)             Temple (0/1) D:6
   Lair: D:8-11

Altars:
Cheibriados
Qazlal
Vehumet
Wu Jian

Shops:
D:1 *   D:4 *   D:6 :


Message History

The bolt of fire hits the orc!!
The orc dies!
The bolt of fire hits you!!
Ouch! That really hurt!
You hear a bellow!
You hear a shout!
Casting: Foxfire (safe; 1% risk of failure)
Confirm with . or Enter, or press ? or * to list all spells.
You can't see any susceptible monsters within range! (Use Z to cast anyway.) Unknown command.
Unknown command.
You start resting.
An efreet is nearby!
Casting: Foxfire (safe; 1% risk of failure)
Confirm with . or Enter, or press ? or * to list all spells.
Aiming: Stone Arrow (dangerous; 3% risk of failure)
Press: ? - help, Shift-Dir - straight line, f - efreet
Aim: an efreet, wielding a +2 scimitar of flaming (91% to hit)
The stone arrow hits the efreet!
The efreet is moderately wounded.
The efreet gestures at you. The bolt of fire hits you!
* * * LOW HITPOINT WARNING * * *
Casting: Stone Arrow (dangerous; 3% risk of failure)
Confirm with . or Enter, or press ? or * to list all spells.
Aiming: Stone Arrow (dangerous; 3% risk of failure)
Press: ? - help, Shift-Dir - straight line, f/p - efreet
Aim: an efreet, wielding a +2 scimitar of flaming (moderately wounded, 91% to hit)
The stone arrow hits the efreet!
The efreet is heavily wounded.
Casting: Stone Arrow (dangerous; 3% risk of failure)
Confirm with . or Enter, or press ? or * to list all spells.
Aiming: Stone Arrow (dangerous; 3% risk of failure)
Press: ? - help, Shift-Dir - straight line, f/p - efreet
Aim: an efreet, wielding a +2 scimitar of flaming (heavily wounded, 91% to hit)
The stone arrow hits the efreet!
The efreet is almost dead.
The efreet hits you with a +2 scimitar of flaming!
* * * LOW HITPOINT WARNING * * *
The efreet burns you.
You die...

# ###
##########..
#...........
#.########.. .
#######.# #..
....####.).....#
##.
.......R@..#..##
##
?..###○###....#
# #. #....##
#.#....##
#)#...## #.#...#
#R#.#.# #c


You could see an efreet.

Vanquished Creatures
  Pikel (D:5)
  Eustachio (D:5)
  A steam dragon (D:7)
  Menkaure (D:5)
  Edmund (D:5)
  2 orc warriors
  A black bear (D:5)
  An ice beast (D:6)
  An ogre (D:5)
  A sky beast (D:8)
  2 lemures (D:5)
  2 bullfrogs (D:6)
  A gnoll sergeant (D:6)
  4 scorpions
  A wight (D:8)
  A howler monkey (D:7)
  An orc priest (D:8)
  5 hounds
  2 iguanas (D:4)
  Ijyb (D:3)
  Terence (D:2)
  Natasha (thrice) (D:2)
  An orc wizard (D:8)
  Robin (D:3)
  5 gnolls (D:6)
  6 adders
  3 shadow imps
  4 white imps
  An ufetubus (D:5)
  A worm (D:2)
  A dart slug (D:5)
  17 orcs
  10 ball pythons
  4 bats
  15 endoplasms
  2 giant cockroaches
  11 hobgoblins
  2 quokkas (D:3)
  5 frilled lizards
  12 goblins
  4 kobolds
  6 rats
146 creatures vanquished.

Vanquished Creatures (collateral kills)
  A goblin (D:3)
1 creature vanquished.

Vanquished Creatures (others)
  A centaur warrior (D:8)
  An orc (D:8)
  5 demonic plants (D:5)
  11 foxfires (D:8)
18 creatures vanquished.

Grand Total: 165 creatures vanquished

Notes
Turn   | Place    | Note
-------+----------+-------------------------------------------
     0 | D:1      | pokeman the Deep Elf Hedge Wizard began the quest for the
                  | Orb.
     0 | D:1      | Reached XP level 1. HP: 10/10 MP: 7/7
   346 | D:1      | Reached XP level 2. HP: 15/15 MP: 6/9
   747 | D:1      | Found Voulun Poefa's General Store.
   847 | D:1      | Reached skill level 5 in Spellcasting
  1052 | D:1      | Bought a potion of curing for 30 gold pieces
  1088 | D:2      | Noticed Natasha
  1104 | D:2      | Reached XP level 3. HP: 16/20 MP: 7/11
  1109 | D:2      | Learned a level 3 spell: Mephitic Cloud
  1112 | D:2      | Learned a level 2 spell: Call Imp
  1115 | D:2      | Learned a level 2 spell: Blink
  1119 | D:2      | Learned a level 3 spell: Stone Arrow
  1188 | D:2      | Killed Natasha
  1189 | D:2      | Reached skill level 1 in Fighting
  1189 | D:2      | Reached skill level 1 in Armour
  1268 | D:2      | Reached XP level 4. HP: 19/25 MP: 13/13
  1307 | D:2      | Noticed Natasha
  1319 | D:2      | Killed Natasha
  1631 | D:2      | Noticed Terence
  1636 | D:2      | Noticed Natasha
  1653 | D:2      | Killed Natasha
  1664 | D:2      | Killed Terence
  1665 | D:2      | Reached skill level 6 in Spellcasting
  1665 | D:2      | Reached XP level 5. HP: 29/29 MP: 15/15
  2087 | D:1      | Bought a potion of heal wounds for 50 gold pieces
  2393 | D:3      | Noticed Ijyb
  2411 | D:3      | Killed Ijyb
  2448 | D:3      | Found an ornate altar of the Wu Jian Council.
  2510 | D:3      | Reached skill level 1 in Evocations
  2518 | D:3      | Noticed Robin
  2538 | D:3      | Killed Robin
  2697 | D:3      | Reached skill level 1 in Fire Magic
  3039 | D:3      | Identified the +5 hand crossbow "Veata" {penet, Will+ MP-9
                  | Dex+3}
  3146 | D:4      | Found a stormy altar of Qazlal.
  3253 | D:4      | Reached XP level 6. HP: 30/34 MP: 15/17
  3372 | D:4      | Reached skill level 1 in Earth Magic
  3372 | D:4      | Reached skill level 1 in Poison Magic
  3455 | D:4      | Found Teneh's Assorted Antiques.
  3464 | D:4      | Bought a scroll labelled FIMOMUH REAWK for 21 gold pieces
  3485 | D:4      | Reached skill level 7 in Spellcasting
  3485 | D:4      | Reached skill level 1 in Air Magic
  3651 | D:5      | Entered Level 5 of the Dungeon
  3659 | D:5      | Found a radiant altar of Vehumet.
  3664 | D:5      | Became a worshipper of Vehumet
  3735 | D:5      | Reached XP level 7. HP: 35/38 MP: 20/20
  3824 | D:5      | Noticed Edmund
  3825 | D:5      | Reached skill level 8 in Spellcasting
  3833 | D:5      | Killed Edmund
  3986 | D:5      | Found a snail-covered altar of Cheibriados.
  3987 | D:5      | Noticed Pikel
  3990 | D:5      | Noticed Eustachio
  3996 | D:5      | Killed Pikel
  3997 | D:5      | Reached skill level 9 in Spellcasting
  3997 | D:5      | Reached XP level 8. HP: 39/46 MP: 16/23
  4014 | D:5      | Killed Eustachio
  4015 | D:5      | Reached skill level 5 in Conjurations
  4393 | D:5      | You fall into a shaft and drop 2 floors!
  4409 | D:7      | Reached skill level 10 in Spellcasting
  4718 | D:5      | Noticed Menkaure
  4722 | D:5      | Killed Menkaure
  4723 | D:5      | Reached XP level 9. HP: 34/50 MP: 25/25
  4862 | D:6      | Found Wuaroits's Book Emporium.
  4931 | D:6      | Found a staircase to the Ecumenical Temple.
  5337 | D:6      | Reached skill level 11 in Spellcasting
  5375 | D:6      | Reached skill level 5 in Fire Magic
  6658 | D:8      | Reached * piety under Vehumet
  6658 | D:8      | Offered knowledge of Foxfire by Vehumet.
  6661 | D:8      | Learned a level 1 spell: Foxfire
  6713 | D:8      | Noticed an efreet
  6713 | D:8      | Noticed a centaur warrior
  6719 | D:8      | Killed a centaur warrior
  6721 | D:8      | Slain by an efreet

Illustrated notes

Levels and vault maps discovered:
D:1:      matt_arrival_spirals, layout_rooms, serial_shops, shop
D:2:      layout_loops_ring, uniq_natasha, uniq_terence
D:3:      layout_basic, nicolae_wu_jian_wuxing_cycle,
          kennysheep_decorative_pillar, kennysheep_cluttered_room, uniq_robin,
          uniq_ijyb
D:4:      layout_gridville, nicolae_qazlal_eye_of_the_storm, serial_shops,
          nicolae_diamond_shop
D:5:      layout_basic, mainiacjoe_overflow_cross_hatched,
          mainiacjoe_overflow_six_doors_small, serial_demonic, serial_demonic_f,
          serial_demonic_g, serial_demonic_g, serial_demonic_f, uniq_pikel,
          uniq_eustachio, uniq_menkaure, uniq_edmund
D:6:      layout_gridville, minmay_temple_entry_mini_moons, serial_shops,
          nicolae_shop_hallway_stairs, st_stairs_12, kennysheep_another_room
D:7:      layout_layer_cave
D:8:      layout_cave_pods, nicolae_ossuary_entry_giza, minmay_statues_item,
          minmay_manual_monstrance

Skill      XL: |  1  2  3  4  5  6  7  8  9 |
---------------+----------------------------+-----
Spellcasting   | 5 6 7 9 10 11 | 11.3
Fighting       | 1 3 |  3.1
Armour         | 1 2 |  2.6
Conjurations   | 2 3 4 5 6 |  6.1
Stealth        | 3 |  3.0
Dodging        | 3 |  3.0
Evocations     | 1 |  1.3
Fire Magic     | 1 3 4 5 |  5.1
Earth Magic    | 1 2 |  2.1
Poison Magic   | 1 |  1.0
Air Magic      | 1 |  1.1
Summonings     | |  1.1
Translocations | |  1.1

Action                     |  1- 3 |  4- 6 |  7- 9 || total
---------------------------+-------+-------+-------++-------
  Melee: Dagger            |    12 |    30 |       ||    42
   Fire: Hand crossbow     |       |    45 |    96 ||   141
   Cast: Magic Dart        |    78 |    82 |    25 ||   185
         Mephitic Cloud    |     1 |     8 |    12 ||    21
         Call Imp          |       |     1 |     3 ||     4
         Foxfire           |       |       |     6 ||     6
         Stone Arrow       |       |       |     4 ||     4
   Stab: Confused          |       |     6 |       ||     6
 Armour: Robe              |    13 |     1 |       ||    14
         Leather armour    |       |    10 |    28 ||    38
  Dodge: Dodged            |    21 |    24 |    51 ||    96

Table legend: (Time is in decaauts)
 A = Elapsed time spent in this place.
 B = Non-inter-level travel time spent in this place.
 C = Inter-level travel time spent in this place.
 D = Time resting spent in this place.
 E = Time spent auto-exploring this place.
 F = Levels seen in this place.
 G = Mean time per level.
                   A        B        C        D        E       F      G
               +--------+--------+--------+--------+--------+-----+--------+
         Total |   6856 |   6469 |    387 |    187 |   5158 |   8 |  857.0 |
       Dungeon |   6856 |   6469 |    387 |    187 |   5158 |   8 |  857.0 |
               +--------+--------+--------+--------+--------+-----+--------+

Top non-repeatable levels by time:
     D:1: 1159 daAuts
     D:7: 1123 daAuts
     D:5: 987 daAuts
     D:2: 980 daAuts
     D:3: 960 daAuts
     D:6: 846 daAuts
     D:4: 587 daAuts
     D:8: 210 daAuts
